 Dungeon Crawl Stone Soup version 0.21-a0-498-g1b60429 (webtiles) character file.

14 4thArraOfDagon the Chopper (level 2, 0/23 HPs)
             Began as a Hill Orc Monk on Nov 24, 2017.
             Was a Believer of Qazlal.
             Slain by an adder (3 damage)
             ... on level 2 of the Dungeon.
             The game lasted 00:01:39 (290 turns).

4thArraOfDagon the Chopper (Hill Orc Monk)           Turns: 290, Time: 00:01:41

Health: 0/23       AC:  2    Str: 13    XL:     2   Next: 45%
Magic:  1/1        EV: 13    Int: 10    God:    Qazlal [**....]
Gold:   60         SH:  2    Dex: 13    Spells: 1/1 levels left

rFire    . . .     SeeInvis .   a - +0 hand axe
rCold    . . .     Gourm    .   (no shield)
rNeg     . . .     Faith    .   b - +0 robe
rPois    .         Spirit   .   (no helmet)
rElec    .         Reflect  .   (no cloak)
rCorr    .         Harm     .   (no gloves)
MR       .....                  (no boots)
Stlth    ++........             (no amulet)
HPRegen  0.07/turn              (no ring)
MPRegen  0.07/turn              (no ring)

@: lethally poisoned (0 -> -4)
A: frail 1, low mp 1, sense surroundings 1
a: Upheaval, Renounce Religion


You were on level 2 of the Dungeon.
You worshipped Qazlal.
Qazlal was pleased with you.
You were not hungry.

You visited 1 branch of the dungeon, and saw 2 of its levels.

You collected 60 gold pieces.

Inventory:

Hand Weapons
 a - a +0 hand axe (weapon)
Armour
 b - a +0 robe (worn)
Scrolls
 d - a scroll of teleportation {unknown}
 e - a scroll of identify {unknown}
 h - a scroll of amnesia {unknown}
 i - a scroll of fog {unknown}
Comestibles
 c - a bread ration


   Skills:
 - Level 3.6 Fighting
 * Level 5.1 Axes
 - Level 2.4 Dodging
 - Level 1.5 Stealth


You had one spell level left.
You didn't know any spells.

Dungeon Overview and Level Annotations

Branches:
Dungeon (2/15)

Altars:
Qazlal


Innate Abilities, Weirdness & Mutations

You are frail. (-10% HP)
Your magical capacity is low. (-10% MP)
You passively map a small area around you.


Message History

The adder bites you.
* * * LOW HITPOINT WARNING * * *
The adder misses you.
Unknown command.
You hit the adder.
The adder is moderately wounded.
The adder barely misses you.
Unknown command.
You hit the adder.
The adder is severely wounded.
The adder bites you.
* * * LOW HITPOINT WARNING * * *
You are lethally poisoned!
The adder poisons you!
Unknown command.
You miss the adder.
The adder is severely wounded.
* * * LOW HITPOINT WARNING * * *
You feel sick. The adder barely misses you. The adder bites you.
You die...

###..# #.......# ,
#..####.....#### # ,
#...............#.
#..........#.# #.###
#####............# #...#
#...............(###.#.##
#.####..lw..w............
#.# ###S##.....#.####)..
#.# #@##.....#.#.[..##
#.# #.####.###.#.##...
#.# #..........#.#....
#.#########.)........._..
#...........#.#....#....#
#############.###..#...##
#.# #..###... #.#
#.....†## #.# #.......


You could see a worm, an adder and a frilled lizard.

Vanquished Creatures
  A leopard gecko (D:2)
  4 hobgoblins
  3 bats (D:1)
  A frilled lizard (D:1)
  A goblin (D:1)
  A kobold (D:1)
  2 rats (D:1)
13 creatures vanquished.

Notes
Turn   | Place    | Note
-------+----------+-------------------------------------------
     0 | D:1      | 4thArraOfDagon the Hill Orc Monk began the quest for the Orb.
     0 | D:1      | Reached XP level 1. HP: 19/19 MP: 1/1
    68 | D:1      | Reached XP level 2. HP: 12/26 MP: 2/2
   235 | D:2      | Found a stormy altar of Qazlal.
   245 | D:2      | Became a worshipper of Qazlal Stormbringer
   245 | D:2      | Reached * piety under Qazlal
   245 | D:2      | Reached ** piety under Qazlal
   253 | D:2      | Reached skill level 5 in Axes
   281 | D:2      | Gained mutation: Your magical capacity is low. (-10% MP) [potion of mutation]
   281 | D:2      | Gained mutation: You are frail. (-10% HP) [potion of mutation]
   281 | D:2      | Gained mutation: You passively map a small area around you. [potion of mutation]
   290 | D:2      | Slain by an adder

Vault maps used:
D:1:      minmay_arrival_hallway, minivault_24, minmay_surrounded
D:2:      nicolae_overflow_hidden_temple, nicolae_overflow_crystal_walls,
          uniq_robin

Skill      XL: |  1  2 |
---------------+-------+-----
Axes           | 5 |  5.1
Fighting       | |  3.6
Dodging        | |  2.4
Stealth        | |  1.5

Action                   || total
-------------------------++-------
Melee: Hand axe          ||    46
  Use: Potion            ||     2
Armor: Robe              ||    11
Dodge: Dodged            ||    61
Block: Other             ||     1

Table legend:
 A = Spawn XP
 B = Non-spawn XP
 C = Spawn XP percentage of total XP
 D = Spawn monster count
 E = Non-spawn monster count
 F = Spawn count percentage of total count
 G = Total turns spent on level
                    A         B        C        D         E        F      G
               +---------+---------+-------+---------+---------+-------+---------
         Total |       0 |      21 |   0.0 |       0 |      13 |   0.0 |   290
               +---------+---------+-------+---------+---------+-------+---------
           D:1 |       0 |      14 |   0.0 |       0 |      10 |   0.0 |   178
           D:2 |       0 |       7 |   0.0 |       0 |       3 |   0.0 |   112
               +---------+---------+-------+---------+---------+-------+---------
